San Jose Sharks vs Boston Bruins
Created - Tuesday, April 16, 2024 at 07:18
Goals
|
| San Jose Sharks |
1 |
0 |
0 |
1 |
| Boston Bruins |
2 |
1 |
2 |
5 |
|
Shots
|
| San Jose Sharks |
15 |
12 |
6 |
33 |
| Boston Bruins |
10 |
7 |
18 |
35 |
|
1st period
1. Boston Bruins , Anthony Beauvillier 15 (Brandon Hagel 21) at 15:03
2. San Jose Sharks , Rickard Rakell 17 (Valeri Nichushkin 35, William Karlsson 23) at 19:07
3. Boston Bruins , Pavel Zacha 15 (Charlie McAvoy 17, Anthony Beauvillier 18) at 19:32
Penalties :
Matt Grzelcyk (BOS) for Hooking (Minor) at 9:32
2nd period
4. Boston Bruins , Brandon Hagel 22 (Anthony Beauvillier 19, Pavel Zacha 29) at 4:34
Penalties :
Charlie McAvoy (BOS) for Interference (Minor) at 6:14, Ivan Barbashev (SJS) for Hooking (Minor) at 12:08
3rd period
5. Boston Bruins , Pavel Zacha 16 (Tyson Barrie 16) at 0:18
6. Boston Bruins , Tyson Barrie 5 (Joel Farabee 24, John-Jason Peterka 10) at 15:56 (PP)
Penalties :
Matt Grzelcyk (BOS) for Hooking (Minor) at 2:54, Luke Kunin (BOS) for High sticking (Minor) at 10:15, Ivan Barbashev (SJS) for Interference (Minor) at 14:46, Brandon Hagel (BOS) for Cross-checking (Minor) at 16:05, Luke Kunin (BOS) for Interference (Minor) at 18:29
Goalie Stats
Ilya Samsonov (SJS), 30 saves from 35 shots - (0.857), L, 21-14-7, 60:00 minutes
Pyotr Kochetkov (BOS), 32 saves from 33 shots - (0.970), W, 7-13-5, 60:00 minutes
Players Stats for San Jose Sharks
Player Name G A P +/- PIM S H SB GA TA FO MP PP MP PK MP
------------------------------------------------------------------------------------
Adam Henrique 0 0 0 -2 0 3 1 0 0 0 6/11 18:19 5:20 1:39
Andreas Athanasiou 0 0 0 -2 0 1 1 1 0 0 0/0 11:23 0:00 0:00
Christian Dvorak 0 0 0 0 0 1 0 0 1 0 7/12 12:40 0:05 0:00
Christopher Tanev 0 0 0 0 0 0 0 0 1 0 0/0 21:09 5:51 1:37
Derek Forbort 0 0 0 -3 0 4 0 1 0 0 0/0 25:10 5:16 1:32
Dmitry Orlov 0 0 0 -3 0 3 2 1 2 0 0/0 25:39 5:34 1:32
Dylan Strome 0 0 0 0 0 2 2 1 0 1 0/2 17:46 5:40 0:00
Ilya Mikheyev 0 0 0 0 0 0 1 0 0 0 0/0 9:31 0:00 0:00
Ivan Barbashev 0 0 0 0 4 3 0 0 1 0 0/0 17:50 5:41 0:00
Kailer Yamamoto 0 0 0 -2 0 1 1 0 0 2 1/1 11:56 0:25 0:00
Rickard Rakell 1 0 1 -1 0 3 3 0 0 0 1/1 19:22 5:39 1:30
Ryan Hartman 0 0 0 0 0 2 0 2 0 0 1/4 9:31 0:00 0:00
Simon Benoit 0 0 0 0 0 1 3 0 0 0 0/0 13:41 0:18 0:00
Simon Nemec 0 0 0 0 0 2 2 2 0 1 0/0 13:12 0:00 0:00
Valeri Nichushkin 0 1 1 -1 0 2 0 0 0 0 0/3 19:35 5:44 1:30
Victor Olofsson 0 0 0 0 0 1 0 0 0 0 0/0 9:31 0:00 0:00
William Karlsson 0 1 1 -1 0 3 1 1 0 0 11/23 19:25 5:41 1:39
Zachary Werenski 0 0 0 0 0 1 0 0 1 0 0/0 21:09 5:51 1:37
Players Stats for Boston Bruins
Player Name G A P +/- PIM S H SB GA TA FO MP PP MP PK MP
------------------------------------------------------------------------------------
Anthony Beauvillier 1 2 3 3 0 4 4 1 0 0 1/1 18:32 1:34 5:18
Brandon Hagel 1 1 2 3 2 6 2 0 1 0 1/3 23:17 1:34 4:42
Cam York 0 0 0 2 0 1 1 1 0 1 0/0 21:41 1:25 5:52
Charlie McAvoy 0 1 1 1 2 1 1 0 0 0 0/0 25:22 1:44 4:41
Curtis Hall 0 0 0 0 0 0 0 0 0 0 0/0 2:08 0:00 0:00
David Krejci 0 0 0 0 0 5 2 1 0 1 11/18 20:20 1:35 5:12
Joe Veleno 0 0 0 0 0 1 0 1 0 0 0/0 14:03 0:00 1:15
Joel Farabee 0 1 1 0 0 4 1 0 1 0 1/2 14:55 1:35 0:00
John-Jason Peterka 0 1 1 0 0 3 0 0 0 0 0/0 14:55 1:35 0:00
Luke Kunin 0 0 0 0 4 0 1 0 0 0 2/5 7:41 0:00 0:00
Matt Grzelcyk 0 0 0 0 4 0 0 1 0 0 0/0 13:02 0:00 0:28
Morgan Geekie 0 0 0 0 0 2 1 0 0 0 0/0 12:24 0:00 0:00
Otto Koivula 0 0 0 0 0 0 2 1 0 0 0/0 7:43 0:00 0:00
Pavel Zacha 2 1 3 3 0 4 1 0 0 1 10/19 18:32 1:34 5:36
Ryan Donato 0 0 0 0 0 2 3 1 1 0 4/9 13:30 0:00 0:47
Samuel Bolduc 0 0 0 0 0 1 0 2 0 0 0/0 12:40 0:00 0:36
Samuel Girard 0 0 0 2 0 0 1 1 0 2 0/0 21:53 1:25 5:56
Tyson Barrie 1 1 2 1 0 1 1 0 1 1 0/0 25:51 1:44 5:17
3 Stars
1 - Pavel Zacha (BOS)
2 - Anthony Beauvillier (BOS)
3 - Pyotr Kochetkov (BOS)
Power Play
San Jose Sharks - 0 on 6 Attempt(s) - 0.00%
Boston Bruins - 1 on 2 Attempt(s) - 50.00%
Penalty Kill
San Jose Sharks - 1 on 2 Attempt(s) - 50.00%
- Score 0 goal in Penalty Kill
Boston Bruins - 6 on 6 Attempt(s) - 100.00%
- Score 0 goal in Penalty Kill
Team Stat
San Jose Sharks - Hits : 17 - Faceoff Wins : 27 - Blocked Shots : 9 - Penalty Minutes : 4
Boston Bruins - Hits : 21 - Faceoff Wins : 30 - Blocked Shots : 10 - Penalty Minutes : 12
Official
Referees : Justin StPierre and TJ Luxmore
Linesman : Darren Gibbs and Pierre Racicot
Game Notes
No Game Note
Finance
Level 1 -- Attendance: 4776 (79.60%) -- Ticket Income $477,600
Level 2 -- Attendance: 3720 (74.40%) -- Ticket Income $223,200
Level 3 -- Attendance: 2120 (70.67%) -- Ticket Income $74,200
Level 4 -- Attendance: 3221 (64.42%) -- Ticket Income $80,525
Luxury Box -- Attendance: 704 (70.40%) -- Ticket Income $140,800
Game was played at the TD Garden.
Total Attendance: 14541 (72.71%)
Total Ticket Income: $996,325
Other Income: $348,714
Total Income: $1,345,039
San Jose Sharks
5 vs 5 Forward
Center Left Wing Right Wing Time % Phy DF OF
1 William Karlsson Valeri Nichushkin Rickard Rakell 30 1 2 2
2 Christian Dvorak Dylan Strome Ivan Barbashev 30 1 2 2
3 Adam Henrique Andreas Athanasiou Kailer Yamamoto 25 1 2 2
4 Ryan Hartman Victor Olofsson Ilya Mikheyev 15 1 2 2
5 vs 5 Defense
Defense Defense Time % Phy DF OF
1 Dmitry Orlov Derek Forbort 30 1 2 2
2 Zachary Werenski Christopher Tanev 30 1 2 2
3 Simon Benoit Simon Nemec 25 1 2 2
4 Dmitry Orlov Derek Forbort 15 1 2 2
PowerPlay Forward
Center Left Wing Right Wing Time % Phy DF OF
1 Adam Henrique Valeri Nichushkin Rickard Rakell 50 1 2 2
2 William Karlsson Dylan Strome Ivan Barbashev 50 1 2 2
PowerPlay Defense
Defense Defense Time % Phy DF OF
1 Dmitry Orlov Derek Forbort 50 1 2 2
2 Zachary Werenski Christopher Tanev 50 1 2 2
Penalty Kill 4 Players Forward
Center Wing Time % Phy DF OF
1 Valeri Nichushkin Rickard Rakell 50 1 2 2
2 Adam Henrique William Karlsson 50 1 2 2
Penalty Kill 4 Players Defense
Defense Defense Time % Phy DF OF
1 Dmitry Orlov Derek Forbort 50 1 2 2
2 Zachary Werenski Christopher Tanev 50 1 2 2
Penalty Kill - 3 Players Forward
Forward Time % Phy DF OF
1 Valeri Nichushkin 50 1 2 2
2 Rickard Rakell 50 1 2 2
Penalty Kill - 3 Players Defense
Defense Defense Time % Phy DF OF
1 Dmitry Orlov Derek Forbort 50 1 2 2
2 Zachary Werenski Christopher Tanev 50 1 2 2
4 vs 4 Forward
Center Wing Time % Phy DF OF
1 Valeri Nichushkin Rickard Rakell 50 1 2 2
2 Adam Henrique William Karlsson 50 1 2 2
4 vs 4 Defense
Defense Defense Time % Phy DF OF
1 Dmitry Orlov Derek Forbort 50 1 2 2
2 Zachary Werenski Christopher Tanev 50 1 2 2
Last Minutes Offensive
Center Left Wing Right Wing Defense Defense
Adam Henrique Valeri Nichushkin Rickard Rakell Dmitry Orlov Derek Forbort
Last Minutes Defensive
Center Left Wing Right Wing Defense Defense
Adam Henrique Valeri Nichushkin Rickard Rakell Dmitry Orlov Derek Forbort
Goaltenders
Starting : Ilya Samsonov
Backup : Logan Thompson
Extra Forwards
Normal : Kailer Yamamoto, Christian Dvorak, Ryan Hartman - PP : Kailer Yamamoto, Christian Dvorak - PK : Ryan Hartman
Extra Defensemen
Normal : Simon Benoit, Simon Nemec, Zachary Werenski - PP : Simon Benoit - PK : Simon Nemec, Zachary Werenski
Penalty Shots
Valeri Nichushkin, Rickard Rakell, Adam Henrique, William Karlsson, Dylan Strome
Boston Bruins
5 vs 5 Forward
Center Left Wing Right Wing Time % Phy DF OF
1 Pavel Zacha Brandon Hagel Anthony Beauvillier 30 1 2 2
2 David Krejci Joel Farabee John-Jason Peterka 30 1 2 2
3 Ryan Donato Joe Veleno Morgan Geekie 25 1 2 2
4 Luke Kunin Otto Koivula Brandon Hagel 15 1 2 2
5 vs 5 Defense
Defense Defense Time % Phy DF OF
1 Charlie McAvoy Tyson Barrie 30 1 2 2
2 Samuel Girard Cam York 30 1 2 2
3 Matt Grzelcyk Samuel Bolduc 25 1 2 2
4 Charlie McAvoy Tyson Barrie 15 1 2 2
PowerPlay Forward
Center Left Wing Right Wing Time % Phy DF OF
1 Pavel Zacha Brandon Hagel Anthony Beauvillier 50 1 2 2
2 David Krejci Joel Farabee John-Jason Peterka 50 1 2 2
PowerPlay Defense
Defense Defense Time % Phy DF OF
1 Charlie McAvoy Tyson Barrie 50 1 2 2
2 Samuel Girard Cam York 50 1 2 2
Penalty Kill 4 Players Forward
Center Wing Time % Phy DF OF
1 Brandon Hagel Pavel Zacha 50 1 2 2
2 David Krejci Anthony Beauvillier 50 1 2 2
Penalty Kill 4 Players Defense
Defense Defense Time % Phy DF OF
1 Charlie McAvoy Tyson Barrie 50 1 2 2
2 Samuel Girard Cam York 50 1 2 2
Penalty Kill - 3 Players Forward
Forward Time % Phy DF OF
1 Brandon Hagel 50 1 2 2
2 Pavel Zacha 50 1 2 2
Penalty Kill - 3 Players Defense
Defense Defense Time % Phy DF OF
1 Charlie McAvoy Tyson Barrie 50 1 2 2
2 Samuel Girard Cam York 50 1 2 2
4 vs 4 Forward
Center Wing Time % Phy DF OF
1 Brandon Hagel Pavel Zacha 50 1 2 2
2 David Krejci Anthony Beauvillier 50 1 2 2
4 vs 4 Defense
Defense Defense Time % Phy DF OF
1 Charlie McAvoy Tyson Barrie 50 1 2 2
2 Samuel Girard Cam York 50 1 2 2
Last Minutes Offensive
Center Left Wing Right Wing Defense Defense
Pavel Zacha Brandon Hagel Anthony Beauvillier Charlie McAvoy Tyson Barrie
Last Minutes Defensive
Center Left Wing Right Wing Defense Defense
Pavel Zacha Brandon Hagel Anthony Beauvillier Charlie McAvoy Tyson Barrie
Goaltenders
Starting : Pyotr Kochetkov
Backup : Leevi Merilainen
Extra Forwards
Normal : Curtis Hall, Ryan Donato, Joe Veleno - PP : Curtis Hall, Ryan Donato - PK : Joe Veleno
Extra Defensemen
Normal : Matt Grzelcyk, Samuel Bolduc, Samuel Girard - PP : Matt Grzelcyk - PK : Samuel Bolduc, Samuel Girard
Penalty Shots
Brandon Hagel, Pavel Zacha, David Krejci, Anthony Beauvillier, Joel Farabee
% Time on Ice - San Jose Sharks
Lines # - Real PCT - Wanted PCT - Time Play
Normal Forward
1 - 27% - 30% - 12:21
2 - 27% - 30% - 12:11
3 - 25% - 25% - 11:23
4 - 21% - 15% - 9:31
Normal Defense
1 - 29% - 30% - 13:08
2 - 30% - 30% - 13:41
3 - 29% - 25% - 13:12
4 - 12% - 15% - 5:25
PP Forward
1 - 50% - 50% - 5:44
2 - 50% - 50% - 5:41
PP Defense
1 - 49% - 50% - 5:34
2 - 51% - 50% - 5:51
PK Forward
1 - 48% - 50% - 1:30
2 - 52% - 50% - 1:39
PK Defense
1 - 49% - 50% - 1:32
2 - 51% - 50% - 1:37
PK3 Forward
1 - 0% - 50%
2 - 0% - 50%
PK3 Defense
1 - 0% - 50%
2 - 0% - 50%
44 Forward
1 - 0% - 50%
2 - 0% - 50%
44 Defense
1 - 0% - 50%
2 - 0% - 50%
Last Minute Offensive - 0:00
Last Minute Defensive - 0:00
Total
Forward - 60:00
Defense - 60:00
|
% Time on Ice - Boston Bruins
Lines # - Real PCT - Wanted PCT - Time Play
Normal Forward
1 - 25% - 30% - 11:25
2 - 31% - 30% - 13:54
3 - 27% - 25% - 12:24
4 - 17% - 15% - 7:43
Normal Defense
1 - 30% - 30% - 13:33
2 - 32% - 30% - 14:24
3 - 27% - 25% - 12:04
4 - 12% - 15% - 5:25
PP Forward
1 - 50% - 50% - 1:34
2 - 50% - 50% - 1:35
PP Defense
1 - 55% - 50% - 1:44
2 - 45% - 50% - 1:25
PK Forward
1 - 53% - 50% - 6:03
2 - 47% - 50% - 5:22
PK Defense
1 - 50% - 50% - 5:45
2 - 50% - 50% - 5:40
PK3 Forward
1 - 0% - 50%
2 - 0% - 50%
PK3 Defense
1 - 0% - 50%
2 - 0% - 50%
44 Forward
1 - 0% - 50%
2 - 0% - 50%
44 Defense
1 - 0% - 50%
2 - 0% - 50%
Last Minute Offensive - 0:00
Last Minute Defensive - 0:00
Total
Forward - 60:00
Defense - 60:00
|
Play-by-Play
1st period
0:01 of 1st period - Rickard Rakell wins face-off versus Pavel Zacha in neutral zone.
1:10 of 1st period - Snap shot by Dylan Strome.
1:10 of 1st period - Shot Misses the Net.
1:12 of 1st period - Wrist shot by Ilya Mikheyev.
1:12 of 1st period - Shot Blocked by Ryan Donato.
1:34 of 1st period - Snap shot by Brandon Hagel.
1:34 of 1st period - Shot Misses the Net.
1:36 of 1st period - Slapshot by Samuel Girard.
1:36 of 1st period - Deflect By Brandon Hagel.
1:36 of 1st period - Shot Misses the Net.
1:36 of 1st period - Puck is out of play.
1:37 of 1st period - William Karlsson wins face-off versus Luke Kunin in San Jose Sharks zone.
1:39 of 1st period - Icing by Valeri Nichushkin.
1:40 of 1st period - David Krejci wins face-off versus William Karlsson in San Jose Sharks zone.
1:55 of 1st period - Valeri Nichushkin is hit by David Krejci and loses puck.
2:08 of 1st period - Wrist shot by Luke Kunin.
2:08 of 1st period - Shot Misses the Net.
2:10 of 1st period - Snap shot by Luke Kunin.
2:10 of 1st period - Deflect By Brandon Hagel.
2:10 of 1st period - Shot Misses the Net.
2:10 of 1st period - Puck is out of play.
2:11 of 1st period - Luke Kunin wins face-off versus Adam Henrique in San Jose Sharks zone.
3:14 of 1st period - Snap shot by Dylan Strome.
3:14 of 1st period - Shot Misses the Net.
3:32 of 1st period - Christian Dvorak is hit by Samuel Girard and loses puck.
4:13 of 1st period - Snap shot by David Krejci.
4:13 of 1st period - Stopped by Ilya Samsonov with a rebound.
4:59 of 1st period - Wrist shot by Valeri Nichushkin.
4:59 of 1st period - Stopped by Pyotr Kochetkov with a rebound.
5:09 of 1st period - Snap shot by David Krejci.
5:09 of 1st period - Deflect By John-Jason Peterka.
5:09 of 1st period - Stopped by Ilya Samsonov without a rebound.
5:10 of 1st period - Ryan Donato wins face-off versus Ryan Hartman in San Jose Sharks zone.
5:23 of 1st period - Wrist shot by Morgan Geekie.
5:23 of 1st period - Shot Misses the Net.
5:42 of 1st period - Brandon Hagel is hit by Simon Benoit and loses puck.
5:57 of 1st period - Charlie McAvoy is hit by Simon Benoit and loses puck.
6:04 of 1st period - Snap shot by Dylan Strome.
6:04 of 1st period - Stopped by Pyotr Kochetkov without a rebound.
6:05 of 1st period - William Karlsson wins face-off versus David Krejci in Boston Bruins zone.
6:08 of 1st period - Backhand shot by William Karlsson.
6:08 of 1st period - Stopped by Pyotr Kochetkov with a rebound.
7:13 of 1st period - Wrist shot by John-Jason Peterka.
7:13 of 1st period - Shot Misses the Net.
7:15 of 1st period - Slapshot by Joel Farabee.
7:15 of 1st period - Stopped by Ilya Samsonov with a rebound.
7:17 of 1st period - Snap shot by John-Jason Peterka.
7:17 of 1st period - Deflect By Joel Farabee.
7:17 of 1st period - Stopped by Ilya Samsonov with a rebound.
8:17 of 1st period - Slapshot by Victor Olofsson.
8:17 of 1st period - Shot Misses the Net.
8:56 of 1st period - Christopher Tanev is hit by Ryan Donato.
9:30 of 1st period - Slapshot by Ryan Hartman.
9:30 of 1st period - Stopped by Pyotr Kochetkov with a rebound.
9:32 of 1st period - Minor Penalty to Matt Grzelcyk for Hooking.
9:33 of 1st period - Adam Henrique wins face-off versus David Krejci in Boston Bruins zone.
9:40 of 1st period - Wrist shot by Valeri Nichushkin.
9:40 of 1st period - Deflect By Adam Henrique.
9:40 of 1st period - Stopped by Pyotr Kochetkov with a rebound.
10:24 of 1st period - Anthony Beauvillier is hit by Rickard Rakell and loses puck.
11:32 of 1st period - Penalty to Matt Grzelcyk is over, Matt Grzelcyk is back on ice.
11:59 of 1st period - Snap shot by Victor Olofsson.
11:59 of 1st period - Shot Blocked by Joe Veleno.
12:13 of 1st period - Victor Olofsson is hit by Otto Koivula and loses puck.
12:28 of 1st period - Simon Benoit is hit by Cam York.
13:10 of 1st period - William Karlsson is hit by Charlie McAvoy and loses puck.
14:09 of 1st period - Adam Henrique is hit by Ryan Donato and loses puck.
14:58 of 1st period - Andreas Athanasiou is hit by Anthony Beauvillier and loses puck.
15:03 of 1st period - Snap shot by Anthony Beauvillier.
15:03 of 1st period - Goal by Anthony Beauvillier - San Jose Sharks : 0 - Boston Bruins : 1.
15:04 of 1st period - William Karlsson wins face-off versus Pavel Zacha in neutral zone.
16:20 of 1st period - Snap shot by Brandon Hagel.
16:20 of 1st period - Shot Misses the Net.
16:26 of 1st period - Snap shot by Brandon Hagel.
16:26 of 1st period - Stopped by Ilya Samsonov with a rebound.
17:19 of 1st period - Ryan Hartman is hit by Joel Farabee and loses puck.
17:38 of 1st period - Slapshot by Joe Veleno.
17:38 of 1st period - Stopped by Ilya Samsonov without a rebound.
17:39 of 1st period - Ryan Donato wins face-off versus Christian Dvorak in San Jose Sharks zone.
17:44 of 1st period - Snap shot by Ryan Donato.
17:44 of 1st period - Stopped by Ilya Samsonov without a rebound.
17:45 of 1st period - Pavel Zacha wins face-off versus Christian Dvorak in San Jose Sharks zone.
17:46 of 1st period - Snap shot by Brandon Hagel.
17:46 of 1st period - Stopped by Ilya Samsonov without a rebound.
17:47 of 1st period - Christian Dvorak wins face-off versus Brandon Hagel in San Jose Sharks zone.
18:16 of 1st period - Wrist shot by Ivan Barbashev.
18:16 of 1st period - Shot Blocked by Matt Grzelcyk.
18:18 of 1st period - Wrist shot by Ivan Barbashev.
18:18 of 1st period - Shot Blocked by David Krejci.
18:20 of 1st period - Wrist shot by Derek Forbort.
18:20 of 1st period - Stopped by Pyotr Kochetkov with a rebound.
18:32 of 1st period - Slapshot by Christian Dvorak.
18:32 of 1st period - Shot Blocked by Samuel Bolduc.
18:34 of 1st period - Slapshot by Dylan Strome.
18:34 of 1st period - Shot Misses the Net.
18:36 of 1st period - Snap shot by Dmitry Orlov.
18:36 of 1st period - Stopped by Pyotr Kochetkov with a rebound.
18:38 of 1st period - Slapshot by Derek Forbort.
18:38 of 1st period - Stopped by Pyotr Kochetkov with a rebound.
18:40 of 1st period - Snap shot by Derek Forbort.
18:40 of 1st period - Shot Misses the Net.
18:42 of 1st period - Wrist shot by Ivan Barbashev.
18:42 of 1st period - Stopped by Pyotr Kochetkov with a rebound.
18:44 of 1st period - Wrist shot by Dmitry Orlov.
18:44 of 1st period - Stopped by Pyotr Kochetkov with a rebound.
18:46 of 1st period - Wrist shot by Dylan Strome.
18:46 of 1st period - Stopped by Pyotr Kochetkov with a rebound.
18:48 of 1st period - Slapshot by Dmitry Orlov.
18:48 of 1st period - Shot Blocked by Samuel Bolduc.
18:50 of 1st period - Snap shot by Christian Dvorak.
18:50 of 1st period - Stopped by Pyotr Kochetkov without a rebound.
18:51 of 1st period - William Karlsson wins face-off versus Pavel Zacha in Boston Bruins zone.
19:03 of 1st period - Snap shot by Valeri Nichushkin.
19:03 of 1st period - Shot Misses the Net.
19:05 of 1st period - Wrist shot by Valeri Nichushkin.
19:05 of 1st period - Shot Misses the Net.
19:07 of 1st period - Wrist shot by Rickard Rakell.
19:07 of 1st period - Goal by Rickard Rakell - San Jose Sharks : 1 - Boston Bruins : 1.
19:08 of 1st period - Pavel Zacha wins face-off versus William Karlsson in neutral zone.
19:16 of 1st period - Snap shot by William Karlsson.
19:16 of 1st period - Shot Misses the Net.
19:18 of 1st period - Wrist shot by Valeri Nichushkin.
19:18 of 1st period - Deflect By William Karlsson.
19:18 of 1st period - Shot Misses the Net.
19:18 of 1st period - Puck is out of play.
19:19 of 1st period - Kailer Yamamoto wins face-off versus Pavel Zacha in Boston Bruins zone.
19:20 of 1st period - Wrist shot by Adam Henrique.
19:20 of 1st period - Stopped by Pyotr Kochetkov with a rebound.
19:28 of 1st period - Snap shot by Anthony Beauvillier.
19:28 of 1st period - Shot Blocked by Derek Forbort.
19:30 of 1st period - Slapshot by Charlie McAvoy.
19:30 of 1st period - Shot Blocked by Andreas Athanasiou.
19:32 of 1st period - Snap shot by Pavel Zacha.
19:32 of 1st period - Goal by Pavel Zacha - San Jose Sharks : 1 - Boston Bruins : 2.
19:33 of 1st period - William Karlsson wins face-off versus Pavel Zacha in neutral zone.
19:36 of 1st period - Snap shot by Rickard Rakell.
19:36 of 1st period - Shot Misses the Net.
19:38 of 1st period - Slapshot by Dmitry Orlov.
19:38 of 1st period - Shot Misses the Net.
19:40 of 1st period - Snap shot by Derek Forbort.
19:40 of 1st period - Stopped by Pyotr Kochetkov with a rebound.
19:58 of 1st period - Derek Forbort is hit by Morgan Geekie and loses puck.
Goals for this period are 1 for San Jose Sharks vs 2 for Boston Bruins.
Shots for this period are 15 for San Jose Sharks vs 10 for Boston Bruins.
2nd period
0:01 of 2nd period - Adam Henrique wins face-off versus Ryan Donato in neutral zone.
0:26 of 2nd period - Pavel Zacha is hit by Dylan Strome and loses puck.
0:58 of 2nd period - Wrist shot by Rickard Rakell.
0:58 of 2nd period - Stopped by Pyotr Kochetkov with a rebound.
1:00 of 2nd period - Snap shot by Zachary Werenski.
1:00 of 2nd period - Stopped by Pyotr Kochetkov with a rebound.
1:31 of 2nd period - Morgan Geekie is hit by Adam Henrique and loses puck.
1:52 of 2nd period - Derek Forbort is hit by David Krejci and loses puck.
2:00 of 2nd period - Icing by Ivan Barbashev.
2:01 of 2nd period - Ryan Donato wins face-off versus Dylan Strome in San Jose Sharks zone.
2:02 of 2nd period - Slapshot by Morgan Geekie.
2:02 of 2nd period - Stopped by Ilya Samsonov without a rebound.
2:03 of 2nd period - William Karlsson wins face-off versus Ryan Donato in San Jose Sharks zone.
2:50 of 2nd period - Christian Dvorak is hit by Anthony Beauvillier and loses puck.
2:56 of 2nd period - Icing by Dylan Strome.
2:57 of 2nd period - Pavel Zacha wins face-off versus Christian Dvorak in San Jose Sharks zone.
3:13 of 2nd period - Wrist shot by Dmitry Orlov.
3:13 of 2nd period - Stopped by Pyotr Kochetkov with a rebound.
3:15 of 2nd period - Backhand shot by Derek Forbort.
3:15 of 2nd period - Stopped by Pyotr Kochetkov with a rebound.
3:17 of 2nd period - Wrist shot by Ivan Barbashev.
3:17 of 2nd period - Stopped by Pyotr Kochetkov without a rebound.
3:18 of 2nd period - William Karlsson wins face-off versus Ryan Donato in Boston Bruins zone.
4:26 of 2nd period - Snap shot by Andreas Athanasiou.
4:26 of 2nd period - Stopped by Pyotr Kochetkov without a rebound.
4:27 of 2nd period - Pavel Zacha wins face-off versus William Karlsson in Boston Bruins zone.
4:32 of 2nd period - Snap shot by Anthony Beauvillier.
4:32 of 2nd period - Shot Misses the Net.
4:34 of 2nd period - Wrist shot by Brandon Hagel.
4:34 of 2nd period - Goal by Brandon Hagel - San Jose Sharks : 1 - Boston Bruins : 3.
4:35 of 2nd period - Pavel Zacha wins face-off versus William Karlsson in neutral zone.
4:48 of 2nd period - Slapshot by Brandon Hagel.
4:48 of 2nd period - Stopped by Ilya Samsonov with a rebound.
4:50 of 2nd period - Snap shot by Charlie McAvoy.
4:50 of 2nd period - Stopped by Ilya Samsonov without a rebound.
4:51 of 2nd period - Ryan Donato wins face-off versus Dylan Strome in San Jose Sharks zone.
4:56 of 2nd period - Slapshot by Tyson Barrie.
4:56 of 2nd period - Shot Misses the Net.
5:19 of 2nd period - Slapshot by Adam Henrique.
5:19 of 2nd period - Stopped by Pyotr Kochetkov with a rebound.
5:27 of 2nd period - Kailer Yamamoto is hit by Ryan Donato.
6:12 of 2nd period - Snap shot by Kailer Yamamoto.
6:12 of 2nd period - Stopped by Pyotr Kochetkov with a rebound.
6:14 of 2nd period - Minor Penalty to Charlie McAvoy for Interference.
6:15 of 2nd period - David Krejci wins face-off versus William Karlsson in Boston Bruins zone.
7:02 of 2nd period - Rickard Rakell is hit by Brandon Hagel and loses puck.
8:14 of 2nd period - Penalty to Charlie McAvoy is over, Charlie McAvoy is back on ice.
9:09 of 2nd period - Icing by Matt Grzelcyk.
9:10 of 2nd period - Adam Henrique wins face-off versus Luke Kunin in Boston Bruins zone.
10:06 of 2nd period - Snap shot by Victor Olofsson.
10:06 of 2nd period - Shot Misses the Net.
10:08 of 2nd period - Slapshot by Dmitry Orlov.
10:08 of 2nd period - Deflect By Ryan Hartman.
10:08 of 2nd period - Stopped by Pyotr Kochetkov with a rebound.
10:14 of 2nd period - Wrist shot by Victor Olofsson.
10:14 of 2nd period - Stopped by Pyotr Kochetkov with a rebound.
10:26 of 2nd period - Wrist shot by Adam Henrique.
10:26 of 2nd period - Shot Misses the Net.
10:28 of 2nd period - Slapshot by Christopher Tanev.
10:28 of 2nd period - Shot Misses the Net.
11:32 of 2nd period - Slapshot by Ivan Barbashev.
11:32 of 2nd period - Shot Misses the Net.
11:34 of 2nd period - Slapshot by Dylan Strome.
11:34 of 2nd period - Shot Misses the Net.
11:48 of 2nd period - Slapshot by Rickard Rakell.
11:48 of 2nd period - Stopped by Pyotr Kochetkov with a rebound.
11:50 of 2nd period - Snap shot by William Karlsson.
11:50 of 2nd period - Deflect By Valeri Nichushkin.
11:50 of 2nd period - Stopped by Pyotr Kochetkov without a rebound.
11:51 of 2nd period - David Krejci wins face-off versus William Karlsson in Boston Bruins zone.
12:00 of 2nd period - Slapshot by John-Jason Peterka.
12:00 of 2nd period - Stopped by Ilya Samsonov with a rebound.
12:02 of 2nd period - Snap shot by David Krejci.
12:02 of 2nd period - Shot Misses the Net.
12:04 of 2nd period - Slapshot by Samuel Bolduc.
12:04 of 2nd period - Stopped by Ilya Samsonov without a rebound.
12:05 of 2nd period - Christian Dvorak wins face-off versus Pavel Zacha in San Jose Sharks zone.
12:05 of 2nd period - Christian Dvorak is hit by Anthony Beauvillier.
12:08 of 2nd period - Minor Penalty to Ivan Barbashev for Hooking.
12:09 of 2nd period - Pavel Zacha wins face-off versus Valeri Nichushkin in San Jose Sharks zone.
14:08 of 2nd period - Penalty to Ivan Barbashev is over, Ivan Barbashev is back on ice.
14:47 of 2nd period - Wrist shot by Otto Koivula.
14:47 of 2nd period - Shot Misses the Net.
15:15 of 2nd period - John-Jason Peterka is hit by Dmitry Orlov.
15:42 of 2nd period - Joe Veleno is hit by Simon Benoit and loses puck.
16:08 of 2nd period - Derek Forbort is hit by Tyson Barrie and loses puck.
16:25 of 2nd period - Wrist shot by Rickard Rakell.
16:25 of 2nd period - Shot Blocked by Otto Koivula.
16:45 of 2nd period - Dylan Strome is hit by Anthony Beauvillier and loses puck.
17:06 of 2nd period - Cam York is hit by Simon Nemec.
17:16 of 2nd period - Matt Grzelcyk is hit by Ilya Mikheyev and loses puck.
17:29 of 2nd period - David Krejci is hit by William Karlsson and loses puck.
17:57 of 2nd period - Simon Benoit is hit by Brandon Hagel and loses puck.
18:08 of 2nd period - Ivan Barbashev is hit by Otto Koivula and loses puck.
18:36 of 2nd period - Snap shot by Morgan Geekie.
18:36 of 2nd period - Deflect By Ryan Donato.
18:36 of 2nd period - Deflect By Zachary Werenski.
18:36 of 2nd period - Stopped by Ilya Samsonov with a rebound.
Goals for this period are 0 for San Jose Sharks vs 1 for Boston Bruins.
Shots for this period are 12 for San Jose Sharks vs 7 for Boston Bruins.
3rd period
0:01 of 3rd period - Pavel Zacha wins face-off versus William Karlsson in neutral zone.
0:06 of 3rd period - Slapshot by Anthony Beauvillier.
0:06 of 3rd period - Stopped by Ilya Samsonov without a rebound.
0:07 of 3rd period - William Karlsson wins face-off versus Pavel Zacha in San Jose Sharks zone.
0:18 of 3rd period - Snap shot by Pavel Zacha.
0:18 of 3rd period - Goal by Pavel Zacha - San Jose Sharks : 1 - Boston Bruins : 4.
0:19 of 3rd period - Pavel Zacha wins face-off versus William Karlsson in neutral zone.
0:21 of 3rd period - Off-side.
0:22 of 3rd period - William Karlsson wins face-off versus Brandon Hagel in neutral zone.
0:51 of 3rd period - Slapshot by Joe Veleno.
0:51 of 3rd period - Shot Blocked by William Karlsson.
0:53 of 3rd period - Slapshot by Ryan Donato.
0:53 of 3rd period - Shot Misses the Net.
0:55 of 3rd period - Slapshot by Morgan Geekie.
0:55 of 3rd period - Stopped by Ilya Samsonov without a rebound.
0:56 of 3rd period - Christian Dvorak wins face-off versus Ryan Donato in San Jose Sharks zone.
1:30 of 3rd period - Wrist shot by Adam Henrique.
1:30 of 3rd period - Shot Misses the Net.
1:46 of 3rd period - Snap shot by David Krejci.
1:46 of 3rd period - Shot Misses the Net.
1:48 of 3rd period - Snap shot by John-Jason Peterka.
1:48 of 3rd period - Shot Misses the Net.
1:50 of 3rd period - Slapshot by Joel Farabee.
1:50 of 3rd period - Shot Hit the Post.
2:00 of 3rd period - Slapshot by Simon Nemec.
2:00 of 3rd period - Stopped by Pyotr Kochetkov with a rebound.
2:02 of 3rd period - Slapshot by Simon Benoit.
2:02 of 3rd period - Stopped by Pyotr Kochetkov with a rebound.
2:04 of 3rd period - Slapshot by Simon Nemec.
2:04 of 3rd period - Stopped by Pyotr Kochetkov with a rebound.
2:06 of 3rd period - Slapshot by Simon Benoit.
2:06 of 3rd period - Shot Blocked by Cam York.
2:08 of 3rd period - Slapshot by Valeri Nichushkin.
2:08 of 3rd period - Shot Misses the Net.
2:10 of 3rd period - Wrist shot by William Karlsson.
2:10 of 3rd period - Stopped by Pyotr Kochetkov without a rebound.
2:11 of 3rd period - Christian Dvorak wins face-off versus David Krejci in Boston Bruins zone.
2:36 of 3rd period - John-Jason Peterka is hit by Andreas Athanasiou and loses puck.
2:54 of 3rd period - Minor Penalty to Matt Grzelcyk for Hooking.
2:55 of 3rd period - Brandon Hagel wins face-off versus Adam Henrique in Boston Bruins zone.
3:32 of 3rd period - David Krejci is hit by Dylan Strome and loses puck.
4:54 of 3rd period - Penalty to Matt Grzelcyk is over, Matt Grzelcyk is back on ice.
5:37 of 3rd period - Wrist shot by Brandon Hagel.
5:37 of 3rd period - Shot Misses the Net.
5:39 of 3rd period - Snap shot by Otto Koivula.
5:39 of 3rd period - Shot Blocked by Simon Nemec.
6:51 of 3rd period - Brandon Hagel is hit by Simon Nemec and loses puck.
7:10 of 3rd period - Brandon Hagel is hit by Dmitry Orlov and loses puck.
7:33 of 3rd period - Snap shot by Brandon Hagel.
7:33 of 3rd period - Stopped by Ilya Samsonov without a rebound.
7:34 of 3rd period - David Krejci wins face-off versus William Karlsson in San Jose Sharks zone.
7:35 of 3rd period - Slapshot by Tyson Barrie.
7:35 of 3rd period - Deflect By Joel Farabee.
7:35 of 3rd period - Shot Misses the Net.
7:35 of 3rd period - Puck is out of play.
7:36 of 3rd period - William Karlsson wins face-off versus David Krejci in San Jose Sharks zone.
8:11 of 3rd period - Backhand shot by David Krejci.
8:11 of 3rd period - Stopped by Ilya Samsonov without a rebound.
8:12 of 3rd period - Christian Dvorak wins face-off versus Ryan Donato in San Jose Sharks zone.
8:39 of 3rd period - Anthony Beauvillier is hit by Kailer Yamamoto and loses puck.
9:10 of 3rd period - Slapshot by David Krejci.
9:10 of 3rd period - Shot Blocked by Ryan Hartman.
9:36 of 3rd period - Snap shot by William Karlsson.
9:36 of 3rd period - Shot Blocked by Anthony Beauvillier.
10:12 of 3rd period - Wrist shot by Dylan Strome.
10:12 of 3rd period - Deflect By Otto Koivula.
10:12 of 3rd period - Shot Misses the Net.
10:12 of 3rd period - Puck is out of play.
10:13 of 3rd period - Luke Kunin wins face-off versus Christian Dvorak in Boston Bruins zone.
10:15 of 3rd period - Minor Penalty to Luke Kunin for High sticking.
10:16 of 3rd period - William Karlsson wins face-off versus David Krejci in Boston Bruins zone.
11:13 of 3rd period - Pavel Zacha is hit by Rickard Rakell and loses puck.
12:15 of 3rd period - Penalty to Luke Kunin is over, Luke Kunin is back on ice.
12:57 of 3rd period - Snap shot by David Krejci.
12:57 of 3rd period - Stopped by Ilya Samsonov with a rebound.
12:59 of 3rd period - Snap shot by John-Jason Peterka.
12:59 of 3rd period - Stopped by Ilya Samsonov without a rebound.
13:00 of 3rd period - David Krejci wins face-off versus Ryan Hartman in San Jose Sharks zone.
13:03 of 3rd period - Snap shot by Joel Farabee.
13:03 of 3rd period - Deflect By John-Jason Peterka.
13:03 of 3rd period - Deflect By Ryan Hartman.
13:03 of 3rd period - Shot Misses the Net.
13:03 of 3rd period - Puck is out of play.
13:04 of 3rd period - Joel Farabee wins face-off versus Ryan Hartman in San Jose Sharks zone.
13:11 of 3rd period - Snap shot by Joel Farabee.
13:11 of 3rd period - Stopped by Ilya Samsonov with a rebound.
13:13 of 3rd period - Snap shot by Joel Farabee.
13:13 of 3rd period - Shot Blocked by Ryan Hartman.
13:15 of 3rd period - Snap shot by Joel Farabee.
13:15 of 3rd period - Deflect By Victor Olofsson.
13:15 of 3rd period - Stopped by Ilya Samsonov with a rebound.
13:17 of 3rd period - Snap shot by John-Jason Peterka.
13:17 of 3rd period - Shot Blocked by Simon Nemec.
13:26 of 3rd period - Off-side.
13:27 of 3rd period - Christian Dvorak wins face-off versus Pavel Zacha in neutral zone.
13:35 of 3rd period - Backhand shot by Tyson Barrie.
13:35 of 3rd period - Shot Blocked by Dylan Strome.
13:37 of 3rd period - Snap shot by Pavel Zacha.
13:37 of 3rd period - Shot Misses the Net.
13:39 of 3rd period - Snap shot by Pavel Zacha.
13:39 of 3rd period - Stopped by Ilya Samsonov with a rebound.
13:49 of 3rd period - Christian Dvorak is hit by Pavel Zacha and loses puck.
14:02 of 3rd period - Snap shot by Ivan Barbashev.
14:02 of 3rd period - Stopped by Pyotr Kochetkov without a rebound.
14:03 of 3rd period - David Krejci wins face-off versus William Karlsson in Boston Bruins zone.
14:03 of 3rd period - David Krejci is hit by Rickard Rakell.
14:39 of 3rd period - Snap shot by Morgan Geekie.
14:39 of 3rd period - Deflect By Ryan Donato.
14:39 of 3rd period - Shot Misses the Net.
14:39 of 3rd period - Puck is out of play.
14:40 of 3rd period - Pavel Zacha wins face-off versus Christian Dvorak in San Jose Sharks zone.
14:46 of 3rd period - Minor Penalty to Ivan Barbashev for Interference.
14:47 of 3rd period - David Krejci wins face-off versus Adam Henrique in San Jose Sharks zone.
14:49 of 3rd period - Slapshot by Joel Farabee.
14:49 of 3rd period - Deflect By David Krejci.
14:49 of 3rd period - Shot Misses the Net.
14:49 of 3rd period - Puck is out of play.
14:50 of 3rd period - David Krejci wins face-off versus Adam Henrique in San Jose Sharks zone.
15:01 of 3rd period - Wrist shot by David Krejci.
15:01 of 3rd period - Shot Misses the Net.
15:03 of 3rd period - Slapshot by Cam York.
15:03 of 3rd period - Stopped by Ilya Samsonov without a rebound.
15:04 of 3rd period - Anthony Beauvillier wins face-off versus Valeri Nichushkin in San Jose Sharks zone.
15:07 of 3rd period - Snap shot by Brandon Hagel.
15:07 of 3rd period - Shot Misses the Net.
15:09 of 3rd period - Wrist shot by Brandon Hagel.
15:09 of 3rd period - Stopped by Ilya Samsonov with a rebound.
15:11 of 3rd period - Slapshot by Cam York.
15:11 of 3rd period - Shot Blocked by Dmitry Orlov.
15:13 of 3rd period - Wrist shot by Pavel Zacha.
15:13 of 3rd period - Stopped by Ilya Samsonov without a rebound.
15:14 of 3rd period - Pavel Zacha wins face-off versus Valeri Nichushkin in San Jose Sharks zone.
15:27 of 3rd period - Wrist shot by Anthony Beauvillier.
15:27 of 3rd period - Stopped by Ilya Samsonov with a rebound.
15:29 of 3rd period - Slapshot by Samuel Girard.
15:29 of 3rd period - Deflect By Anthony Beauvillier.
15:29 of 3rd period - Stopped by Ilya Samsonov without a rebound.
15:30 of 3rd period - David Krejci wins face-off versus Adam Henrique in San Jose Sharks zone.
15:39 of 3rd period - Wrist shot by David Krejci.
15:39 of 3rd period - Stopped by Ilya Samsonov without a rebound.
15:40 of 3rd period - Adam Henrique wins face-off versus Joel Farabee in San Jose Sharks zone.
15:50 of 3rd period - Slapshot by Tyson Barrie.
15:50 of 3rd period - Shot Misses the Net.
15:52 of 3rd period - Wrist shot by Joel Farabee.
15:52 of 3rd period - Shot Misses the Net.
15:54 of 3rd period - Wrist shot by Joel Farabee.
15:54 of 3rd period - Shot Misses the Net.
15:56 of 3rd period - Snap shot by Tyson Barrie.
15:56 of 3rd period - Goal by Tyson Barrie - San Jose Sharks : 1 - Boston Bruins : 5.
15:57 of 3rd period - Christian Dvorak wins face-off versus Pavel Zacha in neutral zone.
16:05 of 3rd period - Minor Penalty to Brandon Hagel for Cross-checking.
16:06 of 3rd period - David Krejci wins face-off versus William Karlsson in Boston Bruins zone.
18:05 of 3rd period - Penalty to Brandon Hagel is over, Brandon Hagel is back on ice.
18:17 of 3rd period - Slapshot by David Krejci.
18:17 of 3rd period - Stopped by Ilya Samsonov without a rebound.
18:18 of 3rd period - Ryan Hartman wins face-off versus Luke Kunin in San Jose Sharks zone.
18:18 of 3rd period - Ryan Hartman is hit by Luke Kunin.
18:29 of 3rd period - Minor Penalty to Luke Kunin for Interference.
18:30 of 3rd period - David Krejci wins face-off versus William Karlsson in Boston Bruins zone.
18:44 of 3rd period - Wrist shot by William Karlsson.
18:44 of 3rd period - Shot Misses the Net.
18:46 of 3rd period - Wrist shot by William Karlsson.
18:46 of 3rd period - Stopped by Pyotr Kochetkov without a rebound.
18:47 of 3rd period - Adam Henrique wins face-off versus David Krejci in Boston Bruins zone.
18:48 of 3rd period - Wrist shot by Rickard Rakell.
18:48 of 3rd period - Shot Misses the Net.
18:50 of 3rd period - Slapshot by Zachary Werenski.
18:50 of 3rd period - Deflect By Valeri Nichushkin.
18:50 of 3rd period - Shot Blocked by Samuel Girard.
18:50 of 3rd period - Puck is out of play.
18:51 of 3rd period - Adam Henrique wins face-off versus David Krejci in Boston Bruins zone.
Goals for this period are 0 for San Jose Sharks vs 2 for Boston Bruins.
Shots for this period are 6 for San Jose Sharks vs 18 for Boston Bruins.
Back to the Top